 Dungeon Crawl Stone Soup version 0.28.0-45-g0d030f2227 (webtiles) character file.

Game seed: 10600434447752876989

28 Bliebski the Ducker (level 2, -6/23 HPs)
             Began as a Demonspawn Gladiator on Apr 16, 2022.
             Mangled by Sigmund
             ... wielding a +0 scythe
              (9 damage)
             ... on level 2 of the Dungeon.
             The game lasted 00:03:01 (1147 turns).

Bliebski the Ducker (Demonspawn Gladiator)          Turns: 1147, Time: 00:03:02

Health: -6/23      AC:  4    Str: 14    XL:     2   Next: 96%
Magic:  2/2        EV: 12    Int:  9    God:
Gold:   53         SH:  0    Dex: 14    Spells: 1/1 levels left

rFire   . . .      SeeInvis .   a - +0 rapier
rCold   . . .      Faith    .   (no shield)
rNeg    . . .      Spirit   .   b - +0 leather armour
rPois   .          Reflect  .   c - +0 helmet
rElec   .          Harm     .   (no cloak)
rCorr   .          Rampage  .   (no gloves)
Will    .....                   (no boots)
Stlth   +.........              (no amulet)
HPRegen 0.07/turn               (no ring)
MPRegen 0.08/turn               (no ring)

@: confused
A: demonic magic 1
a: no special abilities


You were on level 2 of the Dungeon.
You visited 1 branch of the dungeon, and saw 2 of its levels.

You collected 53 gold pieces.

Inventory:

Hand Weapons
 a - a +0 rapier (weapon)
Missiles
 d - 3 throwing nets
 e - 59 stones (quivered)
Armour
 b - a +0 leather armour (worn)
 c - a +0 helmet (worn)
Jewellery
 f - a ring of protection from fire
Scrolls
 g - a scroll of immolation {unknown}


   Skills:
 + Level 2.5 Fighting
 - Level 3.0 Short Blades
 - Level 2.0 Throwing
 + Level 3.1 Dodging


You had one spell level left.
You didn't know any spells.
Your spell library contained the following spells:

 Spells                   Type           Power      Damage    Failure   Level
 Magic Dart               Conj           0%         1d3       45%         1
 Call Imp                 Summ           0%         N/A       61%         2
 Mephitic Cloud           Conj/Pois/Air  0%         N/A       83%         3


Dungeon Overview and Level Annotations

Branches:
Dungeon (2/15)

Altars:

Annotations:
D:2 Sigmund


Innate Abilities, Weirdness & Mutations

Spells you cast may paralyse adjacent enemies.


Message History

You hit Sigmund.
Sigmund is heavily wounded.
Sigmund closely misses you.
You puncture Sigmund!
Sigmund is severely wounded.
Sigmund gestures at you while chanting. You resist with significant effort.
You hit Sigmund but do no damage.
Sigmund is severely wounded.
Sigmund barely misses you.
You hit Sigmund.
Sigmund is almost dead.
Sigmund completely misses you.
You closely miss Sigmund.
Sigmund is almost dead.
You barely miss Sigmund.
Sigmund is almost dead.
Sigmund gestures at you while chanting.
You are confused.
You bump into the rock wall.
Sigmund closely misses you.
You miss Sigmund.
Sigmund is almost dead.
Sigmund points at you and mumbles some strange words.
You are more confused.
You bump into the rock wall.
Sigmund points at you and mumbles some strange words.
You are more confused.
Sigmund barely misses you.
You're too confused to move!
You bump into the rock wall.
Sigmund misses you. Sigmund barely misses you.
You hit Sigmund.
Sigmund is almost dead.
You bump into the rock wall.
Sigmund barely misses you.
You bump into the rock wall.
Sigmund mumbles some strange words.
Sigmund flickers and vanishes!
Deactivating autopickup; reactivate with Ctrl-A.
You closely miss something. Something hits you!
You die...

#.######.#
#. #.# #.
#.# #. #.#
#. #.# #.#
#.# #.#
#@# #{#
#.# #.#
..# ###


There were no monsters in sight!

Vanquished Creatures
  An adder (D:2)
  2 ball pythons (D:1)
  A bat (D:1)
  A giant cockroach (D:1)
  3 goblins (D:1)
  A hobgoblin (D:1)
  4 kobolds
  2 quokkas (D:1)
  A frilled lizard (D:2)
  2 rats
18 creatures vanquished.

Notes
Turn   | Place    | Note
-------+----------+-------------------------------------------
     0 | D:1      | Bliebski the Demonspawn Gladiator began the quest for the
                  | Orb.
     0 | D:1      | Reached XP level 1. HP: 16/16 MP: 1/1
   204 | D:1      | Gained mutation: Spells you cast may paralyse adjacent
                  | enemies. [demonic ancestry]
   204 | D:1      | Reached XP level 2. HP: 22/22 MP: 2/2
   651 | D:1      | Found a faded altar of an unknown god.
  1121 | D:2      | Noticed Sigmund
  1147 | D:2      | Mangled by Sigmund

Illustrated notes

Levels and vault maps discovered:
D:1:      lemuel_arrival_broad_hall, layout_loops_ring,
          chequers_ecumenical_altar_twisty
D:2:      layout_basic, serial_bayou_pond_a, minmay_close_crescents,
          uniq_sigmund, uniq_jessica

Skill      XL: |  1  2 |
---------------+-------+-----
Throwing       | 2 |  2.0
Short Blades   | 3 |  3.0
Dodging        | 3 |  3.1
Fighting       | |  2.5

Action                   || total
-------------------------++-------
Melee: Rapier            ||    71
Throw: Throwing net      ||     1
Armor: Leather armour    ||    21
Dodge: Dodged            ||    48
